 Dungeon Crawl Stone Soup version 0.32-a0-931-g5a2cda0630 (webtiles) character file.

Game seed: 2567100915607483232

21 Picsou the Chopper (level 2, 27/27 HPs)
             Began as a Minotaur Berserker on Apr 13, 2024.
             Was a Follower of Trog.
             Quit the game on level 1 of the Dungeon.
             The game lasted 00:00:28 (368 turns).

Picsou the Chopper (Minotaur Berserker)              Turns: 368, Time: 00:00:29

Health: 27/27      AC:  2    Str: 21    XL:     2   Next: 62%
Magic:  1/1        EV: 11    Int:  4    God:    Trog [*.....]
Gold:   24         SH:  0    Dex:  9    Spells: 1/1 levels left

rFire   . . .        a - +0 hand axe
rCold   . . .        (no shield)
rNeg    . . .        b - +0 animal skin
rPois   .            (helmet restricted)
rElec   .            (no cloak)
rCorr   .            (no gloves)
SInv    .            (no boots)
Will    .....        (no amulet)
Stlth   +            (no ring)
HPRegen 0.24/turn    (no ring)
MPRegen 0.07/turn

%: no passive effects
@: no status effects
A: horns 2, retaliatory headbutt
a: Renounce Religion, Berserk


You were on level 1 of the Dungeon.
You worshipped Trog.
Trog was aware of your devotion.
You visited 1 branch of the dungeon, and saw 1 of its levels.

You collected 24 gold pieces.

Inventory:

Hand Weapons
 a - a +0 hand axe (weapon)
Armour
 b - a +0 animal skin (worn)
Scrolls
 c - a scroll of fog {unknown}
 e - a scroll of revelation {unknown}
Potions
 d - a potion of haste {unknown}
 f - a potion of ambrosia {unknown}


   Skills:
 + Level 3.9 Fighting
 + Level 3.9 Axes
 + Level 2.9 Armour
 + Level 2.6 Dodging


You had one spell level left.
You didn't know any spells.
Your spell library was empty.

Dungeon Overview and Level Annotations

Branches:
Dungeon (1/15)

Altars:


Innate Abilities, Weirdness & Mutations

You have a pair of horns on your head.
You reflexively headbutt those who attack you in melee.


Message History

Trog accepts your kill.
You barely miss the hobgoblin. The hobgoblin hits you.
You hit the hobgoblin. Your headbutt misses the hobgoblin.
The hobgoblin is lightly wounded.
The hobgoblin closely misses you.
The giant cockroach bites you but does no damage.
You closely miss the hobgoblin.
The hobgoblin is lightly wounded.
You hit the giant cockroach. The hobgoblin hits you.
The giant cockroach closely misses you.
You hit the giant cockroach.
The giant cockroach is heavily wounded.
You hit the hobgoblin.
You kill the hobgoblin!
Trog accepts your kill.
The giant cockroach waves its antennae.
The giant cockroach closely misses you.
A giant cockroach is nearby!
A giant cockroach is nearby!
You hit the giant cockroach but do no damage.
The giant cockroach is heavily wounded.
The giant cockroach bites you. The giant cockroach closely misses you.
A giant cockroach is nearby!
A giant cockroach is nearby!
You barely miss the giant cockroach. You headbutt the giant cockroach.
The giant cockroach is almost dead.
The giant cockroach closely misses you.
A giant cockroach is nearby!
You barely miss the giant cockroach.
The giant cockroach is severely wounded.
The giant cockroach closely misses you. You furiously retaliate!
You headbutt the giant cockroach.
You kill the giant cockroach!
Trog accepts your kill.
Found a stone staircase leading down.
No target in view!
No target in view!
No target in view!
No target in view!
Are you sure you want to abandon this character and quit the game? (Confirm with "yes".)

.....####.#..#
...#........##
##.##..#.........
.......#.##.###########
##.##.#...#...........#
....#.................#
#######.#.............+
.................##
............@......>
..#####..######...#.#.
. #..# ...# ..... ...#
...... ...# .... ...#
...# ....


There were no monsters in sight!

Vanquished Creatures
  3 endoplasms (D:1)
  A giant cockroach (D:1)
  6 goblins (D:1)
  3 hobgoblins (D:1)
  2 frilled lizards (D:1)
  2 rats (D:1)
17 creatures vanquished.

Notes
Turn   | Place    | Note
-------+----------+-------------------------------------------
     0 | D:1      | Picsou the Minotaur Berserker began the quest for the Orb.
     0 | D:1      | Reached XP level 1. HP: 19/19 MP: 0/0
   100 | D:1      | Reached XP level 2. HP: 27/27 MP: 1/1
   368 | D:1      | Quit the game

Illustrated notes

Levels and vault maps discovered:
D:1:      kennysheep_arrival_forest, layout_basic

Action                     || total
---------------------------++-------
  Melee: Hand axe          ||    48
         Headbutt          ||     8
 Armour: Animal skin       ||    26
  Dodge: Dodged            ||    21

Table legend: (Time is in decaauts)
 A = Elapsed time spent in this place.
 B = Non-inter-level travel time spent in this place.
 C = Inter-level travel time spent in this place.
 D = Time resting spent in this place.
 E = Time spent auto-exploring this place.
 F = Levels seen in this place.
 G = Mean time per level.
                   A        B        C        D        E       F      G
               +--------+--------+--------+--------+--------+-----+--------+
         Total |    373 |    373 |      0 |      0 |    277 |   1 |  373.0 |
       Dungeon |    373 |    373 |      0 |      0 |    277 |   1 |  373.0 |
               +--------+--------+--------+--------+--------+-----+--------+

Top non-repeatable levels by time:
     D:1: 373 daAuts
